[Event "Titled Tuesday Blitz May 9 Late 2023"]
[White "tandercat"]
[Black "Prado, Alexandra"]
[BlackFideId "3301346"]
[WhiteElo "1998"]
[BlackElo "1759"]
[Result "1-0"]
[Round "06"]
[TimeControl "180+2"]
[Date "2023.05.09"]
[WhiteClock "0:00:01"]
[BlackClock "0:00:00"]

1. d4 Nf6 2. c4 g6 3. Nc3 Bg7 4. e4 d6 5. f4 O-O 6. Nf3 c5 7. d5 e6 8. dxe6 fxe6 9. Bd3 Nc6 10. O-O a6 11. Ng5 Rb8 12. Be3 Nd4 13. e5 Ne8 14. Nxh7 Kxh7 15. Qh5+ Kg8 16. Bxg6 Rf5 17. Qh7+ Kf8 18. g4 Nf6 19. exf6 Rxf6 20. g5 Rf5 21. Bxf5 Nxf5 22. Bf2 b5 23. cxb5 axb5 24. Ne4 Bb7 25. Nf6 Bxf6 26. gxf6 Qc8 27. f7 Qc6 28. Qg8+ Ke7 29. Qg5+ Kxf7 30. Bh4 Rg8 31. Kf2 Rxg5 32. Bxg5 Qf3+ 33. Ke1 1-0


[Site "https://www.chess.com"]

[Event "Titled Tuesday Blitz May 9 Late 2023"]
[White "Ibarra Jerez, Jose Carlos"]
[Black "Andreikin, Dmitry"]
[WhiteFideId "2226332"]
[BlackFideId "4158814"]
[WhiteElo "2638"]
[BlackElo "2736"]
[Result "0-1"]
[Round "07"]
[TimeControl "180+2"]
[Date "2023.05.09"]
[WhiteClock "0:00:01"]
[BlackClock "0:00:10"]

1. e4 c5 2. Nf3 g6 3. c3 d5 4. exd5 Qxd5 5. d4 Bg7 6. Na3 Nf6 7. Bc4 Qe4+ 8. Be3 O-O 9. O-O cxd4 10. cxd4 Bg4 11. Bd3 Qd5 12. Be2 Nc6 13. h3 Bf5 14. Nb5 Rad8 15. Nc3 Qd7 16. Qb3 Be6 17. Qa4 Nd5 18. Rad1 a6 19. Ne4 Nxe3 20. fxe3 Bh6 21. Qa3 Bf5 22. Nc5 Qc7 23. Nh4 Bc8 24. Nf3 Qg3 25. Ne4 Qc7 26. Qc3 Qa5 27. Kf2 Qxa2 28. d5 Bg7 29. Qc5 Ne5 30. Nxe5 Bxe5 31. Qxe7 Rfe8 32. Nf6+ Bxf6 33. Qxf6 Rxd5 34. Kg1 Be6 35. Bf3 Rf5 36. Qc3 Rb5 37. Rd2 Qb3 38. Qf6 Qxe3+ 39. Rdf2 a5 40. h4 b6 41. h5 Qe5 42. Qh4 Rxb2 43. hxg6 hxg6 44. Rxb2 Qxb2 45. Be4 Qd4+ 46. Kh1 Bd5 47. Bxd5 Qxh4+ 0-1


[Site "https://www.chess.com"]

[Event "Titled Tuesday Blitz May 9 Late 2023"]
[White "Mekhitarian, Krikor Sevag"]
[Black "Martinez Alcantara, Jose Eduardo"]
[WhiteFideId "2107660"]
[BlackFideId "3805662"]
[WhiteElo "2604"]
[BlackElo "2711"]
[Result "0-1"]
[Round "07"]
[TimeControl "180+2"]
[Date "2023.05.09"]
[WhiteClock "0:00:02"]
[BlackClock "0:00:04"]

1. Nf3 c5 2. c4 Nc6 3. Nc3 Nf6 4. g3 g6 5. Bg2 Bg7 6. O-O O-O 7. d4 d6 8. d5 Na5 9. Nd2 a6 10. Qc2 b5 11. cxb5 axb5 12. Nxb5 Ba6 13. Nc3 Rb8 14. Rb1 Nc4 15. Nxc4 Bxc4 16. Rd1 Qa5 17. b3 Ba6 18. Bd2 Rfc8 19. Be1 Qb6 20. Na4 Qa7 21. Nb2 Nd7 22. Nc4 Ne5 23. Bc3 Bxc4 24. bxc4 Qa6 25. Bxe5 Bxe5 26. Rb3 Rb4 27. Rc1 Ra8 28. a3 Ra4 29. e3 Rxa3 30. Rxa3 Qxa3 31. Bf1 Rb8 32. Rb1 Rb4 33. Be2 h5 34. h4 Rxb1+ 35. Qxb1 Bxg3 36. fxg3 Qxe3+ 37. Kf1 Qxg3 38. Qe4 Kf8 39. Bf3 Qh2 40. Bg2 Qg3 41. Bf3 f5 42. Qe3 Qxh4 43. Qh6+ Kf7 44. Qh7+ Kf6 45. Qh8+ Kg5 46. Qc3 Qf4 47. Kg2 Qe5 48. Qd2+ Kf6 49. Qh6 Qb2+ 50. Kh3 Qd4 51. Qf8+ Ke5 52. Qxe7+ Kf4 53. Be2 Qe3+ 54. Qxe3+ Kxe3 55. Bd1 f4 56. Kg2 Kd3 57. Kf3 g5 58. Ba4 Kxc4 59. Be8 h4 60. Bf7 Kd3 61. Bg6+ Kd2 62. Kg4 c4 63. Be4 c3 64. Kxg5 f3 0-1


[Site "https://www.chess.com"]

[Event "Titled Tuesday Blitz May 9 Late 2023"]
[White "Sarana, Alexey"]
[Black "Carlsen, Magnus"]
[WhiteFideId "24133795"]
[BlackFideId "1503014"]
[WhiteElo "2714"]
[BlackElo "2852"]
[Result "1/2-1/2"]
[Round "07"]
[TimeControl "180+2"]
[Date "2023.05.09"]
[WhiteClock "0:00:06"]
[BlackClock "0:00:26"]

1. d4 a6 2. e4 e6 3. Bd3 h6 4. f4 c5 5. c3 cxd4 6. cxd4 Nc6 7. Nf3 Qb6 8. Bc2 g5 9. d5 g4 10. dxc6 gxf3 11. cxd7+ Bxd7 12. Qxf3 Nf6 13. Nc3 Bc6 14. Rb1 O-O-O 15. Be3 Bc5 16. Bxc5 Qxc5 17. Rd1 h5 18. h3 h4 19. Qf2 Rxd1+ 20. Bxd1 Qc4 21. Bb3 Qb4 22. O-O Nxe4 23. Nxe4 Qxe4 24. Re1 Qb4 25. Re5 Rd8 26. Re2 Qb5 27. f5 exf5 28. Bxf7 Kb8 29. Qxh4 Rd1+ 30. Re1 Qc5+ 31. Kh1 Qc2 32. Qg3+ f4 33. Qg8+ Ka7 34. Rxd1 Qxd1+ 35. Kh2 Qd2 36. Qg5 Qxb2 37. Qc5+ Kb8 38. Qd6+ Ka8 39. Qf8+ Ka7 40. Qc5+ Ka8 41. Qf8+ Ka7 42. Qc5+ 1/2-1/2


[Site "https://www.chess.com"]

[Event "Titled Tuesday Blitz May 9 Late 2023"]
[White "Nakamura, Hikaru"]
[Black "Yoo, Christopher Woojin"]
[WhiteFideId "2016192"]
[BlackFideId "30909694"]
[WhiteElo "2885"]
[BlackElo "2519"]
[Result "1-0"]
[Round "07"]
[TimeControl "180+2"]
[Date "2023.05.09"]
[WhiteClock "0:00:15"]
[BlackClock "0:00:00"]

1. e4 c5 2. d4 cxd4 3. c3 dxc3 4. Nxc3 Nc6 5. Nf3 d6 6. Bc4 e6 7. O-O a6 8. Bf4 Nf6 9. Qe2 Be7 10. Rfd1 Qc7 11. Rac1 O-O 12. Bb3 Qb8 13. Na4 b5 14. Rxc6 bxa4 15. Bxa4 Bd7 16. Rc4 Bxa4 17. Rxa4 Qb5 18. Rc4 Rac8 19. b3 d5 20. exd5 Nxd5 21. Be5 Nb6 22. Nd4 Qe8 23. Rcc1 Nd5 24. Qxa6 Nc3 25. Nf5 exf5 26. Rxc3 Ra8 27. Qe2 Bf6 28. Re3 Qc6 29. Bxf6 Qxf6 30. a4 Rfb8 31. Red3 g6 32. g3 Kg7 33. Qf3 Ra6 34. Rc3 Rb4 35. Rd7 Re4 36. Rcc7 Rae6 37. a5 h5 38. Rxf7+ Qxf7 39. Rxf7+ Kxf7 40. Qc3 h4 41. Kg2 hxg3 42. hxg3 Re2 43. b4 Ra2 44. Qc4 Ra1 45. Qc7+ Re7 46. Qc3 Ree1 47. b5 Rg1+ 48. Kf3 Rgc1 49. Qb3+ Kg7 50. b6 Rcb1 51. Qc3+ Kh7 52. Qc7+ Kh6 53. b7 Rb3+ 54. Kg2 1-0


[Site "https://www.chess.com"]

[Event "Titled Tuesday Blitz May 9 Late 2023"]
[White "Moussard, Jules"]
[Black "Krzyzanowski, Marcin"]
[WhiteFideId "642908"]
[BlackFideId "1132199"]
[WhiteElo "2610"]
[BlackElo "2471"]
[Result "1-0"]
[Round "07"]
[TimeControl "180+2"]
[Date "2023.05.09"]
[WhiteClock "0:00:13"]
[BlackClock "0:00:01"]

1. e4 c5 2. Nf3 Nc6 3. Bb5 g6 4. Bxc6 bxc6 5. O-O Bg7 6. Re1 Qc7 7. d3 e5 8. c3 d6 9. d4 cxd4 10. cxd4 exd4 11. Nxd4 Ne7 12. Nc3 O-O 13. Bf4 Re8 14. Qd2 Ba6 15. Rad1 Rad8 16. Nc2 Qa5 17. Bg5 Rd7 18. Bxe7 Rdxe7 19. Nd5 Qxd2 20. Nxe7+ Rxe7 21. Rxd2 Bxb2 22. Rxd6 Bb5 23. Nd4 Rc7 24. Rb1 Bxd4 25. Rxd4 Kg7 26. Rc1 Re7 27. f3 Rc7 28. a4 Ba6 29. Rd6 Bb7 30. Rc5 Kf8 31. Kf2 Ke7 32. e5 f5 33. Ke3 Ba8 34. Kf4 Rc8 35. Ra5 Rc7 36. Rc5 Rc8 37. Kg5 Bb7 38. Kh6 g5 39. Kxh7 g4 40. Rg6 Rb8 41. fxg4 fxg4 42. Rxg4 Bc8 43. Rg7+ Ke6 44. Rg6+ Kf5 45. Rf6+ Kg5 46. h4+ Kxh4 47. e6 Rb7+ 48. Rf7 Kg4 1-0


[Site "https://www.chess.com"]

[Event "Titled Tuesday Blitz May 9 Late 2023"]
[White "Sattarov, Bobir"]
[Black "Pranav, V"]
[WhiteFideId "14203081"]
[BlackFideId "25060783"]
[WhiteElo "2351"]
[BlackElo "2515"]
[Result "1/2-1/2"]
[Round "07"]
[TimeControl "180+2"]
[Date "2023.05.09"]
[WhiteClock "0:00:06"]
[BlackClock "0:00:03"]

1. e4 e5 2. Nf3 Nc6 3. Bc4 Nf6 4. d3 h6 5. a4 d6 6. a5 a6 7. c3 g6 8. h3 Bg7 9. g4 Nd7 10. Be3 Nf8 11. d4 Qe7 12. Nbd2 Nd7 13. Qa4 O-O 14. O-O-O exd4 15. cxd4 d5 16. Bxd5 Nb4 17. Bb3 b5 18. axb6 Nxb6 19. Qa5 Bd7 20. Kb1 Bb5 21. Ne5 Bxe5 22. dxe5 Rfd8 23. e6 fxe6 24. Nf3 Kh7 25. Nd4 Bd3+ 26. Rxd3 Nxd3 27. Qc3 Nb4 28. Rc1 Rac8 29. Bxe6 c5 30. Bxc8 Rxc8 31. Nc2 Qxe4 32. Qf6 N6d5 33. Qf7+ Kh8 34. Bxh6 Qe5 35. Re1 Qf6 36. Qxf6+ Nxf6 37. Nxb4 cxb4 38. Be3 Nd5 39. Bd4+ Kg8 40. Re6 Kf7 41. Rd6 Ne7 42. Rf6+ Ke8 43. Rxa6 Nc6 44. Bf6 Kf7 45. g5 Ke6 46. b3 Kf5 47. Kb2 Kf4 48. Rb6 Kf3 49. h4 Kg4 50. Bg7 Kxh4 51. f4 Kg4 52. Be5 Kf5 53. Bd6 Nd4 54. Bxb4 Rc2+ 55. Kb1 Rh2 56. Bd6 Ne2 57. Be5 Ng1 58. Rc6 Nf3 59. Rc5 Nd2+ 60. Ka2 Ne4+ 61. Ka3 Nxc5 62. b4 Nd3 63. Bd6 Nxf4 64. b5 Nd5 65. Bxh2 Kxg5 66. Kb3 Kf5 67. Kc4 Ke6 68. Kc5 g5 69. Kc6 g4 70. Kc5 Nf6 71. Kc6 Nd7 72. Bg3 Ke7 73. Bh4+ Ke6 74. Bg3 Ke7 75. Bd6+ Ke6 76. Bg3 1/2-1/2


[Site "https://www.chess.com"]

[Event "Titled Tuesday Blitz May 9 Late 2023"]
[White "Fernandez Guillen, Ernesto J."]
[Black "Sargsyan, Shant"]
[WhiteFideId "3512428"]
[BlackFideId "13306766"]
[WhiteElo "2429"]
[BlackElo "2628"]
[Result "1-0"]
[Round "07"]
[TimeControl "180+2"]
[Date "2023.05.09"]
[WhiteClock "0:01:09"]
[BlackClock "0:00:05"]

1. e4 g6 2. d4 Nf6 3. Nc3 d5 4. e5 Ne4 5. f3 Nxc3 6. bxc3 c5 7. f4 Nc6 8. Nf3 Bg4 9. Be2 Qa5 10. Bd2 c4 11. h3 Bf5 12. O-O e6 13. g4 Be4 14. Ng5 Ba3 15. Rb1 b5 16. Nxe4 dxe4 17. f5 gxf5 18. gxf5 O-O-O 19. fxe6 fxe6 20. Bg4 Rhg8 21. Kh2 Rg6 22. Rf6 a6 23. Rxg6 hxg6 24. Bxe6+ Kc7 25. Qe2 Be7 26. Qxe4 Qxa2 27. Rf1 Kb6 28. Be3 Ka5 29. Qxc6 Qxc2+ 30. Rf2 Qxc3 31. Bd2 Qxd2 32. Rxd2 1-0


[Site "https://www.chess.com"]

[Event "Titled Tuesday Blitz May 9 Late 2023"]
[White "Zhigalko, Sergei"]
[Black "Schmakel, Sam"]
[WhiteFideId "13502956"]
[BlackFideId "2039311"]
[WhiteElo "2626"]
[BlackElo "2356"]
[Result "1-0"]
[Round "07"]
[TimeControl "180+2"]
[Date "2023.05.09"]
[WhiteClock "0:00:04"]
[BlackClock "0:00:02"]

1. e4 c5 2. c3 Nf6 3. e5 Nd5 4. Nf3 d6 5. Bc4 Nb6 6. Bb3 c4 7. Bc2 dxe5 8. Nxe5 Qd5 9. Qe2 f6 10. Nf3 Qe6 11. d4 cxd3 12. Bxd3 Qxe2+ 13. Bxe2 e5 14. O-O Nc6 15. Rd1 Be7 16. Be3 Be6 17. Bxb6 axb6 18. Nbd2 Kf7 19. a3 Na5 20. b4 Nc6 21. Nc4 b5 22. Nb6 Rad8 23. Bxb5 e4 24. Bxc6 bxc6 25. Nd4 Bg4 26. Re1 c5 27. Nc6 Rde8 28. Rxe4 Be6 29. Nxe7 Rxe7 30. Rae1 cxb4 31. cxb4 Rd8 32. a4 f5 33. Re5 Kf6 34. a5 Rd4 35. h3 Rxb4 36. Nd5+ Bxd5 37. Rxe7 Ra4 38. Ra7 f4 39. Rd1 Be4 40. f3 Bf5 41. Rd6+ Ke5 42. Rb6 g6 43. Rb5+ Kf6 44. Rxh7 Bd3 45. Rd5 Ra1+ 46. Kh2 Bf1 47. Rhd7 Ra2 48. Kg1 Bc4 49. Rc5 Ra1+ 50. Kh2 Bf1 51. Rd6+ Kg7 52. Rd2 Kf6 53. h4 Kg7 54. Rd4 Ra2 55. Rg5 Kh6 56. Rxf4 Be2 57. Rf6 Bd3 58. Kg1 Kg7 59. Rd6 Bf5 60. g4 Bb1 61. h5 Kh6 62. Rgxg6+ Bxg6 63. Rxg6+ Kh7 64. a6 1-0


[Site "https://www.chess.com"]

[Event "Titled Tuesday Blitz May 9 Late 2023"]
[White "Timmermans, Mark"]
[Black "Chigaev, Maksim"]
[WhiteFideId "1026399"]
[BlackFideId "4108116"]
[WhiteElo "2460"]
[BlackElo "2558"]
[Result "0-1"]
[Round "07"]
[TimeControl "180+2"]
[Date "2023.05.09"]
[WhiteClock "0:01:09"]
[BlackClock "0:00:55"]

1. e4 e6 2. d4 d5 3. Nd2 c5 4. exd5 Qxd5 5. Ngf3 cxd4 6. Bc4 Qd7 7. O-O Nc6 8. Nb3 Nf6 9. Nbxd4 Nxd4 10. Nxd4 a6 11. Re1 b5 12. Bxe6 fxe6 13. Qf3 Bb7 14. Qh3 O-O-O 15. Nxe6 Re8 16. Bf4 Ne4 17. Ng5 Qxh3 18. Nxh3 Bc5 19. Kf1 Rhf8 20. f3 Rxf4 0-1


[Site "https://www.chess.com"]

[Event "Titled Tuesday Blitz May 9 Late 2023"]
[White "Hjartarson, Johann"]
[Black "Salinas Herrera, Pablo"]
[WhiteFideId "2300044"]
[BlackFideId "3407128"]
[WhiteElo "2407"]
[BlackElo "2546"]
[Result "0-1"]
[Round "07"]
[TimeControl "180+2"]
[Date "2023.05.09"]
[WhiteClock "0:00:00"]
[BlackClock "0:00:16"]

1. e4 e5 2. Nf3 Nc6 3. Bb5 a6 4. Ba4 Nf6 5. O-O Be7 6. Re1 b5 7. Bb3 d6 8. c3 O-O 9. d4 h6 10. a4 Bb7 11. Nbd2 Re8 12. Nf1 Bf8 13. Ng3 Na5 14. Bc2 c5 15. d5 c4 16. h3 Bc8 17. Be3 Bd7 18. Nd2 Qc7 19. f4 exf4 20. Bxf4 Nb7 21. Nf3 Nc5 22. e5 dxe5 23. Bxe5 Bd6 24. Qd4 Rxe5 25. Nxe5 Nb3 26. Bxb3 Bc5 27. Bc2 Bxd4+ 28. cxd4 Re8 29. axb5 axb5 30. Ne4 Nxd5 31. Nc5 Be6 32. Be4 Nf6 33. Bf3 Rd8 34. Nc6 Re8 35. Ra7 Qg3 36. Rf1 Qd6 37. Nb7 Qf4 38. Nbd8 Qe3+ 39. Kh1 Bd5 0-1


[Site "https://www.chess.com"]

[Event "Titled Tuesday Blitz May 9 Late 2023"]
[White "Mazurkiewicz, Michal"]
[Black "Xiong, Jeffery"]
[WhiteFideId "1124943"]
[BlackFideId "2047640"]
[WhiteElo "2054"]
[BlackElo "2726"]
[Result "1/2-1/2"]
[Round "07"]
[TimeControl "180+2"]
[Date "2023.05.09"]
[WhiteClock "0:00:34"]
[BlackClock "0:02:21"]

1. e4 c6 2. d3 g6 3. g3 Bg7 4. Bg2 d5 5. Nd2 e5 6. Ngf3 Ne7 7. O-O O-O 8. Re1 d4 9. a4 c5 10. Nc4 Nbc6 11. Bd2 h6 12. b3 Be6 13. Nh4 g5 14. Nf5 Nxf5 15. exf5 Bxf5 16. Bxc6 bxc6 17. Nxe5 Qd5 18. Qf3 Be6 19. Qxd5 cxd5 20. f4 g4 21. Nc6 Bf6 22. f5 Bd7 23. Ne7+ Bxe7 24. Rxe7 Bxf5 25. Bxh6 Rfe8 26. Rae1 Rxe7 27. Rxe7 c4 28. Re5 Be6 1/2-1/2


[Site "https://www.chess.com"]

[Event "Titled Tuesday Blitz May 9 Late 2023"]
[White "Naroditsky, Daniel"]
[Black "Annaberdiyev, Meylis"]
[WhiteFideId "2026961"]
[BlackFideId "14000563"]
[WhiteElo "2633"]
[BlackElo "2416"]
[Result "1-0"]
[Round "07"]
[TimeControl "180+2"]
[Date "2023.05.09"]
[WhiteClock "0:00:09"]
[BlackClock "0:00:00"]

1. e4 c5 2. c3 Nf6 3. e5 Nd5 4. Nf3 d6 5. d4 cxd4 6. cxd4 Nc6 7. Bc4 dxe5 8. dxe5 Be6 9. O-O g6 10. Qe2 Nc7 11. Rd1 Qc8 12. Nc3 Bg7 13. Bf4 Bxc4 14. Qxc4 Qe6 15. Qe4 h6 16. Ne2 O-O 17. Ned4 Nxd4 18. Nxd4 Qb6 19. Be3 Qa6 20. h4 Ne6 21. Nf3 Rad8 22. a3 Rxd1+ 23. Rxd1 Rd8 24. Rc1 Qb5 25. b4 a6 26. h5 g5 27. g3 Qd5 28. Qxd5 Rxd5 29. Rc8+ Kh7 30. Re8 Rd7 31. g4 Nc7 32. Rc8 Ne6 33. a4 f6 34. exf6 Bxf6 35. b5 axb5 36. axb5 Kg7 37. b6 Kf7 38. Nd2 Bd4 39. Nc4 Bxe3 40. Ne5+ Kg7 41. Nxd7 Bf4 42. Nc5 Nd4 43. Nxb7 Nf3+ 44. Kg2 Ne5 45. Nc5 Nxg4 46. Ne6+ 1-0


[Site "https://www.chess.com"]

[Event "Titled Tuesday Blitz May 9 Late 2023"]
[White "Paravyan, David"]
[Black "Kuznetsov, Felix"]
[WhiteFideId "4194985"]
[BlackFideId "34147990"]
[WhiteElo "2563"]
[BlackElo "2281"]
[Result "1-0"]
[Round "07"]
[TimeControl "180+2"]
[Date "2023.05.09"]
[WhiteClock "0:01:36"]
[BlackClock "0:00:02"]

1. e4 c5 2. Nf3 Nc6 3. Bb5 d6 4. O-O Bd7 5. Re1 Nf6 6. Nc3 g6 7. Bxc6 Bxc6 8. d4 cxd4 9. Nxd4 Bg7 10. Bg5 O-O 11. Qd2 Rc8 12. Rad1 Qa5 13. Nd5 Qd8 14. Nxf6+ exf6 15. Bf4 d5 16. Nxc6 bxc6 17. exd5 cxd5 18. c3 Qb6 19. Re2 f5 20. Be3 Qa6 21. a3 Rfe8 22. Rde1 d4 23. Bxd4 Rxe2 24. Rxe2 Bxd4 25. cxd4 Qc4 26. Re1 Rd8 27. Rd1 Qd5 28. h3 h5 29. Qc3 f4 30. Qf3 Qxf3 31. gxf3 Kf8 32. d5 Ke7 33. Rd4 g5 34. Ra4 Rd7 35. Ra6 f6 36. b4 Rxd5 37. Rxa7+ Ke6 38. Kg2 Rd3 39. b5 Rb3 40. a4 f5 41. Ra6+ Ke5 42. b6 g4 43. Ra5+ Kf6 44. Rb5 gxh3+ 45. Kh2 Rxf3 46. b7 Rxf2+ 47. Kxh3 1-0


[Site "https://www.chess.com"]

[Event "Titled Tuesday Blitz May 9 Late 2023"]
[White "Bortnyk, Olexandr"]
[Black "Peng, Li Min"]
[WhiteFideId "14120828"]
[BlackFideId "14112620"]
[WhiteElo "2734"]
[BlackElo "2436"]
[Result "1-0"]
[Round "07"]
[TimeControl "180+2"]
[Date "2023.05.09"]
[WhiteClock "0:01:36"]
[BlackClock "0:00:57"]

1. d4 d5 2. Nc3 Nf6 3. Bf4 e6 4. Nb5 Na6 5. e3 Be7 6. Nf3 O-O 7. h4 c6 8. Nc3 Qa5 9. Bd3 Ba3 10. Qb1 Qb4 11. bxa3 Qxc3+ 12. Ke2 Qxa3 13. Qb3 Qe7 14. h5 h6 15. g4 Nxg4 16. Rag1 f5 17. Ne5 Nxe5 18. Bxe5 Rf7 19. Bxa6 bxa6 20. Rg6 a5 21. Rhg1 Ba6+ 22. Kd2 Bc4 23. Qc3 1-0


[Site "https://www.chess.com"]

[Event "Titled Tuesday Blitz May 9 Late 2023"]
[White "Pakleza, Zbigniew"]
[Black "Kollars, Dmitrij"]
[WhiteFideId "1119290"]
[BlackFideId "12909572"]
[WhiteElo "2410"]
[BlackElo "2584"]
[Result "0-1"]
[Round "07"]
[TimeControl "180+2"]
[Date "2023.05.09"]
[WhiteClock "0:00:00"]
[BlackClock "0:00:17"]

1. d4 d5 2. Bf4 c5 3. c3 Nc6 4. e3 Nf6 5. Nd2 Bf5 6. Ngf3 e6 7. Qb3 Qc8 8. Nh4 c4 9. Qd1 Bg4 10. f3 Bh5 11. g4 Bg6 12. Nxg6 hxg6 13. Bg2 Qd7 14. Qc2 Bd6 15. Bxd6 Qxd6 16. Nf1 g5 17. b3 b5 18. a4 cxb3 19. Qxb3 b4 20. cxb4 Nxb4 21. a5 Rb8 22. Ng3 Rxh2 23. Kf2 Rxh1 24. Rxh1 Ke7 25. Rc1 Nd7 26. Bf1 Nc6 27. Qc3 Nb4 28. Qc7 Na2 29. Rc6 Rb2+ 30. Be2 Qxc7 31. Rxc7 a6 32. Ra7 Nb4 33. Kf1 Ra2 34. e4 Rxa5 35. exd5 Rxd5 36. Ne4 Nc6 37. Rxa6 Nxd4 38. Kf2 f6 39. Ra7 Nc6 40. Rc7 Ne5 0-1


[Site "https://www.chess.com"]

[Event "Titled Tuesday Blitz May 9 Late 2023"]
[White "Sieciechowicz, Marcin"]
[Black "Terry, Renato"]
[WhiteFideId "1130170"]
[BlackFideId "3803457"]
[WhiteElo "2302"]
[BlackElo "2575"]
[Result "0-1"]
[Round "07"]
[TimeControl "180+2"]
[Date "2023.05.09"]
[WhiteClock "0:00:00"]
[BlackClock "0:00:06"]

1. d4 e6 2. Bf4 Nf6 3. e3 b6 4. Nf3 Bb7 5. Bd3 Bd6 6. Bg3 Bxg3 7. hxg3 h6 8. c4 d6 9. Nc3 Nbd7 10. Qe2 e5 11. d5 Nc5 12. Bc2 a5 13. Nd2 Bc8 14. e4 Bg4 15. f3 Bd7 16. O-O-O g6 17. Qe3 h5 18. g4 Qe7 19. gxh5 Rxh5 20. g4 Rxh1 21. Rxh1 O-O-O 22. Nb3 Na6 23. Nxa5 bxa5 24. Qa7 Nb8 25. Bd3 Rf8 26. Qxa5 c5 27. Qb6 Ne8 28. Kc2 Qd8 29. Qa7 Qc7 30. Qa8 Qb7 31. Qa5 Na6 32. a3 Nec7 33. Rh7 Be8 34. Na4 Kb8 35. Kc3 Bxa4 36. Qxa4 Ne8 37. b4 Nf6 38. Rh2 Kc7 39. Rb2 cxb4+ 40. axb4 Ra8 41. Qa5+ Qb6 42. Qxb6+ Kxb6 43. c5+ Kc7 44. Ra2 Kb7 45. Ra5 Ra7 46. Rb5+ Ka8 47. Rb6 Nc7 48. Rxd6 Ra3+ 49. Kd2 Ra2+ 50. Ke3 Nh7 51. Rd7 Kb8 52. d6 Ne6 53. Bc4 Ra3+ 54. Kf2 Nhg5 55. Bxe6 fxe6 56. Rg7 Rd3 57. Rxg6 Nh3+ 58. Ke2 Nf4+ 59. Kf2 Nxg6 60. Ke2 Rd4 61. Ke3 Rxb4 62. c6 Rb3+ 0-1


[Site "https://www.chess.com"]

[Event "Titled Tuesday Blitz May 9 Late 2023"]
[White "Santos Ruiz, Miguel"]
[Black "Tang, Andrew"]
[WhiteFideId "22291482"]
[BlackFideId "2059630"]
[WhiteElo "2499"]
[BlackElo "2596"]
[Result "0-1"]
[Round "07"]
[TimeControl "180+2"]
[Date "2023.05.09"]
[WhiteClock "0:00:17"]
[BlackClock "0:00:05"]

1. e4 e5 2. Nf3 Nc6 3. Bc4 Nf6 4. d3 h6 5. c3 d6 6. a4 g5 7. a5 Bg7 8. a6 b6 9. O-O O-O 10. Re1 Rb8 11. Bb5 Ne7 12. d4 c6 13. Bf1 Ng6 14. h3 Qe7 15. g3 Be6 16. Nbd2 g4 17. hxg4 Nxg4 18. dxe5 dxe5 19. Bg2 Rbd8 20. Qe2 f5 21. exf5 Rxf5 22. Ne4 Rdf8 23. Be3 Bd5 24. Nfd2 h5 25. c4 Be6 26. c5 Nf4 27. Bxf4 exf4 28. cxb6 Bd4 29. Nf3 Bxb6 30. gxf4 Rxf4 31. Neg5 Bxf2+ 32. Qxf2 Nxf2 33. Rxe6 Qg7 34. Rae1 Rxf3 35. Nxf3 Rxf3 36. Re8+ Kh7 37. R8e7 Rf7 38. Rxf7 Qxf7 39. Rf1 Qa2 40. Rxf2 Qxa6 41. Rf7+ Kg6 42. Rf2 Qb6 43. Be4+ Kg5 44. Kf1 a5 45. Rg2+ Kf4 46. Bg6 h4 47. Rf2+ Kg5 48. Rg2+ Kf6 49. Be4 Qb5+ 50. Ke1 Qb4+ 0-1


[Site "https://www.chess.com"]

[Event "Titled Tuesday Blitz May 9 Late 2023"]
[White "Klukin, Kirill"]
[Black "Rasulov, Vugar"]
[WhiteFideId "24199273"]
[BlackFideId "13402390"]
[WhiteElo "2344"]
[BlackElo "2509"]
[Result "0-1"]
[Round "07"]
[TimeControl "180+2"]
[Date "2023.05.09"]
[WhiteClock "0:00:05"]
[BlackClock "0:01:40"]

1. d4 Nf6 2. Nf3 e6 3. e3 c5 4. Bd3 Nc6 5. O-O d5 6. b3 cxd4 7. exd4 g6 8. Bb2 Bg7 9. Nbd2 O-O 10. a3 b6 11. Qe2 Bb7 12. Ne5 Rc8 13. Rac1 Nh5 14. g3 Nf6 15. Rfe1 Ne7 16. Ba6 Qc7 17. a4 Nf5 18. Ndf3 Ne4 19. Ba3 Rfd8 20. Bd3 Nxd4 21. Nxd4 Qxe5 22. Bb2 Qb8 23. Ba1 Nc5 24. Nf3 d4 25. Ng5 Nxd3 26. cxd3 e5 27. f4 h6 28. Ne4 exf4 29. Rf1 Rxc1 30. Rxc1 fxg3 31. Nxg3 Re8 32. Qg4 Qe5 33. Rf1 Qe3+ 34. Rf2 Bc8 35. Qh4 Be6 36. Bb2 Qxd3 37. Ne4 Bf5 38. Nf6+ Bxf6 39. Qxf6 Re1+ 40. Kg2 Qh3# 0-1


[Site "https://www.chess.com"]

[Event "Titled Tuesday Blitz May 9 Late 2023"]
[White "Makarian, Rudik"]
[Black "Leiva, Gianmarco"]
[WhiteFideId "44105681"]
[BlackFideId "3804399"]
[WhiteElo "2461"]
[BlackElo "2365"]
[Result "1-0"]
[Round "07"]
[TimeControl "180+2"]
[Date "2023.05.09"]
[WhiteClock "0:00:26"]
[BlackClock "0:00:00"]

1. d4 Nf6 2. c4 e6 3. Nf3 d5 4. Nc3 a6 5. c5 b6 6. cxb6 c5 7. Bf4 Bd6 8. Bxd6 Qxd6 9. dxc5 Qxc5 10. Qd4 Nbd7 11. Qxc5 Nxc5 12. Rc1 Ncd7 13. Na4 Rb8 14. Nd4 Bb7 15. e3 Ke7 16. Bd3 Rhc8 17. Kd2 Kd6 18. f4 Ne4+ 19. Bxe4 dxe4 20. Rxc8 Rxc8 21. Rc1 Rxc1 22. Kxc1 Bc6 23. Nxc6 Kxc6 24. Kd2 e5 25. f5 Nf6 26. h3 Nd5 27. g4 a5 28. a3 f6 29. Nc3 Nxb6 30. Nxe4 Nc4+ 31. Kc3 Nxe3 32. b4 Nd5+ 33. Kc4 Nb6+ 34. Kb3 a4+ 35. Kc3 Kd5 36. Kd3 Kc6 37. h4 Kb5 38. Nd6+ Kc6 39. Ne8 g6 40. Nxf6 gxf5 41. gxf5 h6 42. h5 Kd6 43. Ne4+ Kd5 44. Nc3+ Kd6 45. Ke4 Nc4 46. Nxa4 Nxa3 47. Nc3 Nc4 48. b5 Nb6 49. f6 Ke6 50. f7 Kxf7 51. Kxe5 Nd7+ 52. Kd6 Ke8 53. Nd5 Kd8 54. b6 Kc8 55. b7+ Kd8 56. Nb4 Ke8 57. Nc6 Nb8 58. Nxb8 1-0


[Site "https://www.chess.com"]

[Event "Titled Tuesday Blitz May 9 Late 2023"]
[White "Bitoon, Richard"]
[Black "Livaic, Leon"]
[WhiteFideId "5201110"]
[BlackFideId "14531534"]
[WhiteElo "2374"]
[BlackElo "2522"]
[Result "1-0"]
[Round "07"]
[TimeControl "180+2"]
[Date "2023.05.09"]
[WhiteClock "0:00:52"]
[BlackClock "0:00:00"]

1. e4 e6 2. d4 d5 3. Nd2 Be7 4. Bd3 Nf6 5. e5 Nfd7 6. c3 c5 7. Ne2 Nc6 8. O-O a5 9. f4 g6 10. g4 cxd4 11. cxd4 Qb6 12. Nf3 h5 13. h3 hxg4 14. hxg4 g5 15. Kg2 gxf4 16. Bxf4 Nf8 17. Bg5 Rg8 18. Qd2 Bd7 19. Bxe7 Nxe7 20. Ng5 Rg7 21. Nxf7 Rxf7 22. Rxf7 Kxf7 23. Rf1+ Kg7 24. Qg5+ Neg6 25. Qf6+ Kg8 26. Qf7+ Kh8 27. Rh1+ 1-0


[Site "https://www.chess.com"]

[Event "Titled Tuesday Blitz May 9 Late 2023"]
[White "Bjelobrk, Igor"]
[Black "Kamsky, Gata"]
[WhiteFideId "4300726"]
[BlackFideId "2000024"]
[WhiteElo "2319"]
[BlackElo "2660"]
[Result "1/2-1/2"]
[Round "07"]
[TimeControl "180+2"]
[Date "2023.05.09"]
[WhiteClock "0:01:14"]
[BlackClock "0:01:24"]

1. d4 f5 2. Nc3 Nf6 3. Bg5 d5 4. Bxf6 exf6 5. e3 Be6 6. Bd3 Nc6 7. a3 g6 8. Nge2 Bd6 9. b3 O-O 10. Nb5 Na5 11. Nxd6 Qxd6 12. O-O b6 13. Qd2 Rfd8 14. Rfc1 Bf7 15. h3 Kg7 16. Qe1 Re8 17. Qd1 Rad8 18. c4 dxc4 19. bxc4 c5 20. d5 Qe5 21. Rab1 Re7 22. Qc2 h5 23. a4 h4 24. Kh1 Rh8 25. Ng1 Be8 26. Nf3 Qd6 27. Rd1 Qd7 28. Ra1 Qd6 29. Kg1 Bd7 30. Rd2 Be8 31. Rdd1 Bd7 32. Rd2 Be8 33. Rdd1 1/2-1/2


[Site "https://www.chess.com"]